 Dungeon Crawl Stone Soup version 0.28.0-53-g5a82cb258f (webtiles) character file.

Game seed: 7027533108669891208

319 DocClef the Fighter (level 6, -3/62 HPs)
             Began as a Minotaur Fighter on June 27, 2022.
             Killed by divine providence
             ... invoked by an orc priest
              (12 damage)
             ... on level 4 of the Dungeon.
             The game lasted 00:03:18 (3648 turns).

DocClef the Fighter (Minotaur Fighter)              Turns: 3648, Time: 00:03:18

Health: -3/62      AC:  6    Str: 22    XL:     6   Next: 21%
Magic:  5/5        EV:  9    Int:  5    God:
Gold:   149        SH:  4    Dex: 10    Spells: 5/5 levels left

rFire   . . .      SeeInvis .   a - +0 flail
rCold   . . .      Faith    .   c - +0 buckler
rNeg    . . .      Spirit   .   b - +0 scale mail
rPois   .          Reflect  .   (helmet restricted)
rElec   .          Harm     .   (no cloak)
rCorr   .          Rampage  .   (no gloves)
Will    .....                   (no boots)
Stlth   ..........              (no amulet)
HPRegen 0.20/turn               (no ring)
MPRegen 0.09/turn               (no ring)

@: no status effects
A: horns 2, retaliatory headbutt
a: no special abilities


You were on level 4 of the Dungeon.
You visited 1 branch of the dungeon, and saw 4 of its levels.

You collected 149 gold pieces.

Inventory:

Hand Weapons
 a - a +0 flail (weapon)
Armour
 b - a +0 scale mail (worn)
 c - a +0 buckler (worn)
Scrolls
 e - 2 scrolls of identify {unknown}
 f - a scroll of fear {unknown}
 g - a scroll of blinking {unknown}
 i - a scroll of teleportation {unknown}
 j - a scroll of enchant armour {unknown}
Potions
 d - 2 potions of might
 h - a potion of curing


   Skills:
 + Level 8.5 Fighting
 - Level 2.4 Maces & Flails
 - Level 3.6 Armour
 - Level 3.6 Shields


You had 5 spell levels left.
You didn't know any spells.
Your spell library contained the following spells:

 Spells                   Type           Power      Damage    Failure   Level
 Airstrike                Air            0%         N/A       100%        4
 Summon Lightning Spire   Summ/Air       0%         N/A       100%        4
 Lightning Bolt           Conj/Air       0%         1d11      100%        5


Dungeon Overview and Level Annotations

Branches:
Dungeon (4/15)
 Temple: D:4-7

Altars:

Shops:
D:4 =


Innate Abilities, Weirdness & Mutations

You have a pair of horns on your head.
You reflexively headbutt those who attack you in melee.


Message History

You block the orc priest's attack.
You sock the orc priest!
You kill the orc priest!
The goblin closely misses you. You furiously retaliate!
You headbutt the goblin!
You kill the goblin!
The orc hits you with a +0 short sword.
Unknown command.
You barely miss the orc. You headbutt the orc!
You kill the orc!
You see here a +0 short sword.
You start resting.
An ogre comes into view. It is wielding a +0 giant spiked club.
An ogre is nearby!
You are too injured to fight recklessly!
Things that are here:
a +0 dagger; a +0 scale mail
Found 18 gold pieces.
An orc and an orc priest come into view.
The orc priest is wielding a +2 war axe of venom.
The orc shouts!
The orc priest shouts!
An orc comes into view. It is wielding a +0 dagger.
A hobgoblin comes into view.
A wyvern comes into view.
The wyvern hisses angrily.
There is an entrance to Gojop's Jewellery Boutique here.
You can access your shopping list by pressing '$'.
The orc shouts!
You block the wyvern's attack.
The orc priest invokes the aid of Beogh against you.
Beogh smites you!
* * * LOW HITPOINT WARNING * * *
The wyvern bites you but does no damage.
The wyvern closely misses you. You furiously retaliate!
You headbutt the wyvern! The wyvern bites you!
* * * LOW HITPOINT WARNING * * *
The orc priest mumbles some strange prayers to Beogh against you.
Beogh smites you!
You die...

........#...)))...####....
.$......#...).............
........#...##.................
........#...####........#......
..............#...............
######..........#...............
.........o.....................#
.......∩...g.................#.#
.........o.o..l@.............#.#
....##.......................#.#
... #.........................#
.. +.......................#..#
##..........................
.........###.....†.#......>.
.........##...(....#........
.............###........
.........# ##.......


You could see a wyvern, an orc priest, 2 orcs and a hobgoblin.

Vanquished Creatures
  A phantom (D:4)
  An orc priest (D:4)
  3 jellies
  3 adders
  A shadow imp (D:3)
  An adder skeleton (D:2)
  A worm (D:2)
  2 dart slugs
  3 orcs
  6 bats
  10 endoplasms
  3 giant cockroaches
  6 goblins
  9 hobgoblins
  2 jackals (D:2)
  12 kobolds
  A quokka (D:4)
  4 ball pythons
  2 frilled lizards (D:2)
  3 rats (D:1)
74 creatures vanquished.

Vanquished Creatures (others)
  3 fungi (D:2)
  9 toadstools (D:2)
12 creatures vanquished.

Grand Total: 86 creatures vanquished

Notes
Turn   | Place    | Note
-------+----------+-------------------------------------------
     0 | D:1      | DocClef the Minotaur Fighter began the quest for the Orb.
     0 | D:1      | Reached XP level 1. HP: 19/19 MP: 0/0
    14 | D:1      | Found a faded altar of an unknown god.
   170 | D:1      | Reached skill level 4 in Fighting
   415 | D:1      | Reached XP level 2. HP: 28/28 MP: 1/1
   951 | D:2      | Reached skill level 5 in Fighting
  1073 | D:2      | Reached XP level 3. HP: 32/36 MP: 2/2
  1774 | D:2      | Reached XP level 4. HP: 41/44 MP: 3/3
  1776 | D:2      | Reached skill level 6 in Fighting
  2043 | D:3      | Reached skill level 7 in Fighting
  2043 | D:3      | Reached XP level 5. HP: 35/52 MP: 4/4
  3538 | D:4      | Noticed a phantom
  3551 | D:4      | Killed a phantom
  3552 | D:4      | Reached skill level 8 in Fighting
  3552 | D:4      | Reached XP level 6. HP: 51/61 MP: 5/5
  3613 | D:4      | Found Gojop's Jewellery Boutique.
  3640 | D:4      | Noticed a wyvern
  3648 | D:4      | Killed from afar by an orc priest

Illustrated notes

Levels and vault maps discovered:
D:1:      psy_arrival_statuary, layout_loops_ring, basic_ecumenical_altar,
          serial_bayou_ford_a
D:2:      cheibrodos_fertilizer, layout_loops_corners
D:3:      layout_basic
D:4:      layout_basic, serial_shops, shop

Skill      XL: |  1  2  3  4  5 |
---------------+----------------+-----
Fighting       | 4 5 7 8 |  8.5
Maces & Flails | |  2.4
Armour         | |  3.6
Shields        | |  3.6

Action                   |  1- 3 |  4- 6 || total
-------------------------+-------+-------++-------
Melee: Flail             |   110 |    72 ||   182
       Headbutt          |    13 |    17 ||    30
  Use: Potion            |       |     1 ||     1
Armor: Scale mail        |    56 |    25 ||    81
Dodge: Dodged            |    60 |    38 ||    98
Block: Buckler           |    27 |    19 ||    46
